 Dungeon Crawl Stone Soup version 0.26-a0-771-g060e6a62af (webtiles) character file.

Game seed: 10366887634810884489

5243 Froggeryz the Grappler (level 10, 0/91 (92) HPs)
             Began as a Naga Transmuter on Nov 8, 2020.
             Was a High Priest of Okawaru.
             Slain by a sky beast (5 damage)
             ... on level 8 of the Dungeon.
             The game lasted 00:16:30 (7607 turns).

Froggeryz the Grappler (Naga Transmuter)            Turns: 7607, Time: 00:16:31

HP:   0/91 (92)     AC:  2    Str: 15      XL:     10   Next: 62%
MP:   9/13          EV: 19    Int: 15      God:    Okawaru [*****.]
Gold: 322           SH:  0    Dex: 21 (22) Spells: 7/13 levels left

rFire    . . .     SeeInvis +     - Unarmed
rCold    + . .     Faith    .   (shield currently unavailable)
rNeg     . . .     Spirit   .   (armour currently unavailable)
rPois    x         Reflect  .   (helmet currently unavailable)
rElec    .         Harm     .   (cloak currently unavailable)
rCorr    .         Rampage  .   (gloves currently unavailable)
MR       +....                  (no barding)
Stlth    ++........             f - amulet of regeneration
HPRegen  0.65/turn              k - +6 ring of dexterity
MPRegen  0.13/turn              j - ring of protection from cold

@: spider-form (expiring), very slightly contaminated
A: tiny, see invisible, spit poison 1, AC +3
a: Spit Poison, End Transformation, Heroism, Finesse, Renounce Religion


You were on level 8 of the Dungeon.
You worshipped Okawaru.
Okawaru was extremely pleased with you.
You were a venomous arachnid creature.
You visited 1 branch of the dungeon, and saw 9 of its levels.

You collected 487 gold pieces.
You spent 165 gold pieces at shops.

Inventory:

Missiles
 g - 11 poisoned darts
 I - 4 curare-tipped darts (quivered)
Armour
 a - a +0 robe (melded)
 c - a +1 helmet (melded)
 i - a scarf of repulsion
 s - a +2 cloak (melded)
Jewellery
 f - an amulet of regeneration (around neck)
 j - a ring of protection from cold (right front leg)
 k - a +6 ring of dexterity (left front leg)
 L - an uncursed ring of protection from cold
Wands
 p - a wand of digging (6)
 y - a wand of acid (6)
Scrolls
 d - 3 scrolls of immolation
 h - 5 scrolls of teleportation
 l - 3 scrolls of noise
 n - 4 scrolls of magic mapping
 o - 5 scrolls of remove curse
 t - 3 scrolls of enchant weapon {unknown}
 v - 2 scrolls of amnesia
 F - a scroll of fear {unknown}
 G - a scroll of random uselessness {unknown}
 H - a scroll of fog
Potions
 b - 2 potions of mutation
 e - 5 potions of might
 m - 3 potions of curing
 q - a potion of brilliance
 r - 2 potions of flight {unknown}
 u - a potion of ambrosia {unknown}
 w - 3 potions of haste {unknown}
 x - a potion of attraction {unknown}
 z - a potion of berserk rage {unknown}
 A - 4 potions of heal wounds
 B - a potion of lignification {unknown}
 C - a potion of cancellation {unknown}
 D - a potion of magic {unknown}
 E - 2 potions of degeneration {unknown}
 J - a potion of resistance
 K - a potion of invisibility {unknown}


   Skills:
 + Level 6.7 Fighting
 - Level 1.5 Dodging
 * Level 12.6 Unarmed Combat
 - Level 2.0 Spellcasting
 - Level 6.1 Transmutations


You had 7 spell levels left.
You knew the following spells:

 Your Spells              Type           Power        Failure   Level
a - Beastly Appendage     Tmut           ###...       8%          1
b - Blink                 Tloc           N/A          54%         2
c - Spider Form           Tmut/Pois      ##........   38%         3

Your spell library contained the following spells:

 Spells                   Type           Power        Failure   Level
 Wereblood                Tmut           ###.....     10%         2
 Corona                   Hex            #......      43%         1
 Magic Dart               Conj           #...         43%         1
 Call Imp                 Summ           #.......     54%         2
 Ensorcelled Hibernation  Hex/Ice        #.....       54%         2
 Slow                     Hex            #.......     54%         2
 Blade Hands              Tmut           ###.......   67%         5
 Confusing Touch          Hex            #.......     75%         3
 Conjure Flame            Conj/Fire      #.......     75%         3
 Dazzling Flash           Conj/Hex       #.....       75%         3
 Mephitic Cloud           Conj/Pois/Air  #.......     75%         3
 Tukima's Dance           Hex            #.......     75%         3
 Ice Form                 Ice/Tmut       ##......     75%         4


Dungeon Overview and Level Annotations

Branches:
Dungeon (9/15)             Temple (0/1) D:6
   Lair: D:8-11         Orc: D:9-12

Altars:
Kikubaaqudgha
Okawaru
Trog
Wu Jian
Xom

Shops:
D:4 *   D:5 ?

Annotations:
D:6 3 runed translucent doors, Murumi's ghost, novice OgCj; Tatune's ghost, novice MiBe; hemabe71's ghost, amateur HuAr; kelmiir's ghost, novice DrIE
D:8 1 runed translucent door, Majang's ghost, novice DEIE
D:9 Gastronok


Innate Abilities, Weirdness & Mutations

You cannot wear boots.
((Your serpentine skin is tough. (AC +3)))
You have supernaturally acute eyesight. (SInv)
((Armour fits poorly on your strangely shaped body.))
((Your system is resistant to poisons. (rPois)))
((You cover ground very slowly.))
You can spit poison.


Message History

The yak misses you. The sky beast closely misses you.
You barely miss the yak.
The yak is almost dead.
The orc misses you. The yak misses you.
You maul the yak!!
You kill the yak!
Okawaru accepts your kill. The sky beast hits you.
* * * LOW HITPOINT WARNING * * *
The sky beast shocks you.
* * * LOW HITPOINT WARNING * * *
The orc hits you with a +0 dagger.
* * * LOW HITPOINT WARNING * * *
You bite the orc!
You kill the orc!
Okawaru accepts your kill. The sky beast hits you.
* * * LOW HITPOINT WARNING * * *
The sky beast shocks you.
You die...

##.###.....#...
###..###..#......
##......#..#......
#.........####....
#...#.....###.....
#.###..##.........
####.##...##....>....
###..†.........#.......
##....Ys†#....###.......
#....##.)............).#
##....................##
#....................##
##.#..#......##.......#
####.#...........##.##
#............<......#
####...................
#..#...............##..


You could see a sky beast.

Vanquished Creatures
  A centaur skeleton (D:7)
  Prince Ribbit (D:5)
  5 yaks
  3 water moccasins
  A hornet zombie (D:8)
  An orc warrior (D:8)
  2 sky beasts (D:6)
  3 black bears (D:7)
  3 ice beasts
  A phantom (D:6)
  A necrophage (D:8)
  2 ogres
  A centaur (D:5)
  4 big kobolds
  Blork the orc (D:5)
  4 bullfrogs (D:6)
  4 killer bees (D:8)
  6 howler monkeys
  5 wights (D:7)
  A centaur zombie (D:7)
  2 quasits
  6 hounds
  3 orc priests (D:8)
  A jelly (D:9)
  Crazy Yiuf (D:5)
  9 worker ants
  5 orc wizards
  A killer bee zombie (D:8)
  A hound skeleton (D:8)
  2 worker ant zombies
  4 gnolls (D:4)
  13 adders
  3 shadow imps
  3 white imps
  2 ufetubi (D:8)
  2 adder zombies
  An adder skeleton (D:4)
  5 worms
  5 dart slugs
  6 leopard geckos
  16 orcs
  6 giant cockroaches
  4 goblins
  7 hobgoblins
  10 jackals
  5 quokkas
  A ball python (D:5)
  2 bats
  3 frilled lizards
  A giant cockroach zombie (D:6)
  27 kobolds
  A quokka skeleton (D:4)
  10 rats
218 creatures vanquished.

Vanquished Creatures (others)
  2 fungi (D:8)
  3 plants (D:8)
  2 withered plants (D:6)
7 creatures vanquished.

Grand Total: 225 creatures vanquished

Notes
Turn   | Place    | Note
-------+----------+-------------------------------------------
     0 | D:1      | Froggeryz the Naga Transmuter began the quest for the Orb.
     0 | D:1      | Reached XP level 1. HP: 18/18 MP: 3/3
   364 | D:1      | Reached XP level 2. HP: 22/25 MP: 5/5
   904 | D:1      | Reached XP level 3. HP: 18/31 MP: 6/6
  1313 | D:2      | Reached skill level 4 in Unarmed Combat
  1474 | D:2      | Reached XP level 4. HP: 35/38 MP: 5/7
  2275 | D:3      | Reached XP level 5. HP: 44/44 MP: 8/8
  2448 | D:3      | Reached skill level 5 in Unarmed Combat
  2925 | D:3      | Learned a level 2 spell: Blink
  2931 | D:4      | Found Pooppoy's Assorted Antiques.
  2936 | D:4      | Bought a scroll labeled FOOGHAE JET SEISIH for 20 gold
                  | pieces
  2936 | D:4      | Bought 3 scrolls labeled WISSIOHEGO for 60 gold pieces
  2936 | D:4      | Bought 2 amethyst potions for 36 gold pieces
  3039 | D:4      | Reached XP level 6. HP: 39/51 MP: 7/9
  3187 | D:4      | Found an ancient bone altar of Kikubaaqudgha.
  3187 | D:4      | Found an iron altar of Okawaru.
  3394 | D:4      | Became a worshipper of Warmaster Okawaru
  3523 | D:4      | Got a pair of twisted gloves
  3529 | D:4      | Identified the +1 pair of gloves of Impermeability {Harm}
                  | (You found it on level 4 of the Dungeon)
  3642 | D:4      | Reached skill level 6 in Unarmed Combat
  3788 | D:4      | Reached XP level 7. HP: 51/57 MP: 10/10
  3906 | D:4      | Learned a level 3 spell: Spider Form
  3929 | D:5      | Entered Level 5 of the Dungeon
  3932 | D:5      | Found Zaimnuyw's Magic Scroll Shop.
  3935 | D:5      | Bought a scroll of immolation for 49 gold pieces
  3974 | D:5      | Noticed Prince Ribbit
  3985 | D:5      | Killed Prince Ribbit
  3985 | D:5      | Reached * piety under Okawaru
  3985 | D:5      | Reached skill level 7 in Unarmed Combat
  4048 | D:5      | Found a runed translucent door.
  4049 | D:5      | Noticed Crazy Yiuf
  4057 | D:5      | Killed Crazy Yiuf
  4118 | D:5      | Noticed Blork the orc
  4131 | D:5      | Killed Blork the orc
  4131 | D:5      | Reached skill level 5 in Transmutations
  4268 | D:5      | Reached skill level 8 in Unarmed Combat
  4268 | D:5      | Reached XP level 8. HP: 58/64 MP: 7/11
  4367 | D:5      | Reached ** piety under Okawaru
  4631 | D:5      | Found an ornate altar of the Wu Jian Council.
  4641 | D:5      | Found a bloodstained altar of Trog.
  4931 | D:6      | Found a shimmering altar of Xom.
  4931 | D:6      | Found a staircase to the Ecumenical Temple.
  5028 | D:6      | Reached skill level 9 in Unarmed Combat
  5142 | D:6      | Reached *** piety under Okawaru
  5142 | D:6      | Reached XP level 9. HP: 68/74 MP: 12/12
  5211 | D:6      | Found a runed translucent gate.
  5211 | D:6      | Found a runed translucent gate.
  5211 | D:6      | Found a runed translucent gate.
  5213 | D:6      | Noticed hemabe71's ghost (amateur HuAr)
  5213 | D:6      | Noticed Tatune's ghost (novice MiBe)
  5213 | D:6      | Noticed Murumi's ghost (novice OgCj)
  5214 | D:6      | Noticed kelmiir's ghost (novice DrIE)
  5339 | D:6      | Reached skill level 10 in Unarmed Combat
  6137 | D:7      | Reached skill level 11 in Unarmed Combat
  6141 | D:7      | Reached **** piety under Okawaru
  6141 | D:7      | Reached skill level 5 in Fighting
  6270 | D:7      | Reached XP level 10. HP: 63/88 MP: 13/13
  6653 | D:8      | Found a runed translucent door.
  6654 | D:8      | Noticed Majang's ghost (novice DEIE)
  6656 | D:8      | Identified the +7 trident "Ultimatum" {freeze, rElec rN+
                  | Int-3 SInv}
  6691 | D:8      | Reached skill level 12 in Unarmed Combat
  6813 | D:8      | Received a gift from Okawaru
  6985 | D:8      | Got a heavily runed leather armour
  6986 | D:8      | Identified the cursed +0 leather armour "Wekhoang" {+Fly
                  | MR- SInv} (You found it on level 8 of the Dungeon)
  7242 | D:9      | Noticed Gastronok
  7599 | D:8      | Reached ***** piety under Okawaru
  7607 | D:8      | Slain by a sky beast

Illustrated notes

Levels and vault maps discovered:
D:1:      lightli_arrival_maybe_door_vault, layout_loops_ring, minmay_cupped
D:2:      layout_rooms
D:3:      layout_loops_corners, nrook_uturn, minmay_fractal_squares_gapless_5
D:4:      cheibrodos_thug_alley, layout_basic, gammafunk_temple_overflow_statue,
          serial_shops, shop_statue, chequers_serial_rivers_small_3
D:5:      layout_cave_pools, minitemple, serial_shops, shop_statue,
          uniq_blork_the_orc, uniq_prince_ribbit1, uniq_crazy_yiuf_cottage
D:6:      cheibrodos_barr_body, layout_basic, minmay_temple_entry_overgrown,
          gammafunk_ghost_cemetery, basic_altar, wad_floor_pattern_untrapped
D:7:      layout_basic
D:8:      layout_cave_pools, ebering_ghost_funeral_grove
D:9:      layout_rooms, serial_shops, nicolae_shop_stone, basic_altar,
          uniq_gastronok, uniq_pikel

Skill      XL: |  1  2  3  4  5  6  7  8  9 10 |
---------------+-------------------------------+-----
Unarmed Combat | 4 5 6 8 9 11 12 | 12.6
Transmutations | 3 4 5 6 |  6.1
Fighting       | 2 5 6 |  6.7
Dodging        | |  1.5
Spellcasting   | |  2.0

Action                   |  1- 3 |  4- 6 |  7- 9 | 10-12 || total
-------------------------+-------+-------+-------+-------++-------
Melee: Unarmed           |   101 |   215 |   306 |   170 ||   792
       Punch             |     1 |    10 |    12 |     3 ||    26
       Headbutt          |     7 |    21 |    33 |     9 ||    70
Throw: Dart              |     1 |     1 |     3 |     2 ||     7
 Cast: Beastly Appendage |     8 |    20 |    16 |     5 ||    49
       Spider Form       |       |       |     5 |     9 ||    14
 Abil: Spit Poison       |    16 |    26 |    25 |    11 ||    78
  Use: Scroll            |     2 |     6 |     3 |     3 ||    14
       Potion            |       |     1 |       |       ||     1
 Stab: Sleeping          |     1 |     2 |       |       ||     3
Armor: Robe              |    14 |    76 |   111 |    58 ||   259
       Skin              |       |       |     1 |     6 ||     7
Dodge: Dodged            |    38 |    87 |   172 |   177 ||   474

Table legend: (Time is in decaauts)
 A = Elapsed time spent in this place.
 B = Non-inter-level travel time spent in this place.
 C = Inter-level travel time spent in this place.
 D = Time resting spent in this place.
 E = Time spent auto-exploring this place.
 F = Levels seen in this place.
 G = Mean time per level.
                   A        B        C        D        E       F      G
               +--------+--------+--------+--------+--------+-----+--------+
         Total |   9215 |   8936 |    279 |    913 |   6217 |   9 | 1023.9 |
       Dungeon |   9215 |   8936 |    279 |    913 |   6217 |   9 | 1023.9 |
               +--------+--------+--------+--------+--------+-----+--------+

Top non-repeatable levels by time:
     D:1: 1439 daAuts
     D:3: 1422 daAuts
     D:8: 1297 daAuts
     D:4: 1276 daAuts
     D:5: 1016 daAuts
     D:6: 1009 daAuts
     D:7: 944 daAuts
     D:2: 688 daAuts
     D:9: 120 daAuts
